 Dungeon Crawl Stone Soup version 0.24-a0-183-g8902462 (webtiles) character file.

Game seed: 3038068293951530836

2197 Ijustatesigmund the Cudgeler (level 9, -4/66 HPs)
             Began as an Octopode Wizard on Mar 15, 2019.
             Was a Follower of Ashenzari.
             Slain by a killer bee (6 damage)
             ... on level 9 of the Dungeon.
             The game lasted 00:32:49 (12326 turns).

Ijustatesigmund the Cudgeler (Octopode Wizard)     Turns: 12326, Time: 00:32:50

Health: -4/66      AC:  2    Str:  6    XL:     9   Next: 34%
Magic:  1/15       EV: 14    Int: 24    God:    Ashenzari [*.....]
Gold:   374        SH:  0    Dex: 11    Spells: 3/16 levels left

rFire    + . .     SeeInvis .   i - +3 mace (crush) (curse)
rCold    . . .     Gourm    +   (no shield)
rNeg     . . .     Faith    .   a - +1 hat (curse)
rPois    .         Spirit   .   h - amulet of the gourmand
rElec    .         Reflect  .   f - ring of wizardry
rCorr    .         Harm     .   n - ring of protection from fire
MR       .....                  p - +3 ring of intelligence
Stlth    +++.......             r - ring of flight
HPRegen  0.21/turn              (no ring)
MPRegen  0.14/turn              (no ring)
                                (no ring)
                                (no ring)

@: lethally poisoned (-4 -> -20), about to teleport
A: almost no armour, stealthy swim, amphibious, 8 rings, constrict 8, camouflage
1, robust 2, weak 1, wild magic 1, gelatinous body 1
a: Curse Item, Scrying, Renounce Religion, Evoke Flight


You were on level 9 of the Dungeon.
You worshipped Ashenzari.
Ashenzari was aware of your devotion.
You were not hungry.

You visited 2 branches of the dungeon, and saw 10 of its levels.

You collected 374 gold pieces.

Inventory:

Hand Weapons
 i - a cursed +3 mace of crushing (weapon)
Missiles
 u - 4 tomahawks of returning (quivered)
Armour
 a - a cursed +1 hat (worn)
Jewellery
 f - a ring of wizardry (left tentacle)
 h - an amulet of the gourmand (around mantle)
 n - a ring of protection from fire (right tentacle)
 p - a +3 ring of intelligence (on tentacle)
 r - a ring of flight (on tentacle)
Wands
 t - a wand of disintegration (18)
 x - a wand of acid (8)
Scrolls
 b - a scroll of teleportation
 m - 2 scrolls of immolation
 o - a scroll of identify
 q - 2 scrolls of amnesia
 s - a scroll of noise {unknown}
 v - 2 scrolls of magic mapping
 w - a scroll of fog
 y - 2 scrolls of remove curse
 z - a scroll of enchant armour
Potions
 d - a potion of agility
 e - 2 potions of flight
 g - 4 potions of lignification
 j - a potion of mutation
 k - a potion of haste
 l - a potion of cancellation
Comestibles
 c - 13 rations


   Skills:
 - Level 2.7 Fighting
 + Level 6.3 Maces & Flails
 - Level 3.2 Dodging
 - Level 4.2 Stealth
 - Level 4.3 Spellcasting
 - Level 2.2 Conjurations
   Level 1.0 Summonings
 - Level 2.1 Translocations
 - Level 4.1 Transmutations
 - Level 3.2 Fire Magic
 - Level 3.8 Air Magic
 - Level 3.9 Poison Magic


You had 3 spell levels left.
You knew the following spells:

 Your Spells              Type           Power        Failure   Level  Hunger
a - Magic Dart            Conj           ###.         2%          1    None
b - Blink                 Tloc           N/A          4%          2    None
c - Conjure Flame         Conj/Fire      ###.....     6%          3    ##.....
d - Mephitic Cloud        Conj/Pois/Air  ####....     4%          3    ##.....
e - Beastly Appendage     Tmut           ####..       1%          1    None
f - Spider Form           Tmut/Pois      ####......   3%          3    ##.....

Your spell library contained the following spells:

 Spells                   Type           Power        Failure   Level  Hunger
 Sticks to Snakes         Tmut           ####....     1%          2    None
 Confusing Touch          Hex            #.....       6%          1    None
 Corona                   Hex            #......      6%          1    None
 Call Imp                 Summ           ##......     6%          2    None
 Gell's Gravitas          Tloc           ###.......   7%          3    ##.....
 Slow                     Hex            #.......     9%          2    None
 Inner Flame              Hex/Fire       ###.....     9%          3    ##.....
 Portal Projectile        Hex/Tloc       ##....       11%         3    ##.....
 Confuse                  Hex            #.......     16%         3    ##.....
 Ice Form                 Ice/Tmut       ###.....     21%         4    ####...
 Petrify                  Tmut/Erth      ###.....     21%         4    ####...
 Blade Hands              Tmut           ####......   24%         5    #####..
 Cause Fear               Hex            #.........   41%         4    ####...
 Leda's Liquefaction      Hex/Erth       #.........   41%         4    ####...
 Yara's Violent Unravell  Hex/Tmut       ###.......   45%         5    #####..
 Metabolic Englaciation   Hex/Ice        #.........   73%         5    #####..
 Poison Arrow             Conj/Pois      ####......   86%         6    #######
 Chain Lightning          Conj/Air       ####......   100%        8    #######
 Lehudib's Crystal Spear  Conj/Erth      ##........   100%        8    #######
 Fire Storm               Conj/Fire      ###.......   100%        9    #######
 Glaciate                 Conj/Ice       ##........   100%        9    #######


Dungeon Overview and Level Annotations

Branches:
Dungeon (9/15)             Temple (1/1) D:5
   Lair: D:8-11         Orc: D:9-12

Altars:
Ashenzari
Cheibriados
Dithmenos
Elyvilon
Fedhas
Gozag
Ru
Sif Muna
Trog
Uskayaw
Yredelemnul
Zin


Innate Abilities, Weirdness & Mutations

You cannot wear most types of armour.
You are very stealthy in the water. (Stealth+)
You are amphibious.
You can wear up to eight rings at the same time.
You can use your tentacles to constrict eight enemies at once.
Your skin changes colour to match your surroundings (Stealth+).
Your rubbery body absorbs attacks. (AC +1, EV +1)
You are very robust. (+20% HP)
You are weak. (Str -2)
Your spells are a little harder to cast, but a little more powerful.


Message History

Confirm with . or Enter, or press ? or * to list all spells.
You blink.
The iguana hisses angrily.
You feel sick.
You feel a bit more experienced.
Found a +1 long sword of flaming.
Okay, then.
Casting: Blink (safe; 4% risk of failure)
Confirm with . or Enter, or press ? or * to list all spells.
You blink.
You feel sick. The killer bee closely misses you. x2
The killer bee stings you!
* * * LOW HITPOINT WARNING * * *
You are more poisoned.
The killer bee poisons you!
Found a scroll of fog.
Okay, then.
* * * LOW HITPOINT WARNING * * *
You feel sick. The killer bee stings you!
* * * LOW HITPOINT WARNING * * *
The killer bee stings you.
You die...

### ######.#
###....#.##
..........#####
.?............#
.......@y.....#
..#....yyy...##
#.[..y.y..##
#......%W..#
.....F..O...####
.#..............#
...#........ยง...#
...#............#
.....##.....l.#


You could see a hungry ghost, an ogre, a bullfrog and 6 killer bees.

Vanquished Creatures
  Sigmund (D:4)
  Menkaure (D:5)
  An orc warrior (D:8)
  A sky beast (D:4)
  2 black bears (D:8)
  A phantom (D:4)
  2 centaurs
  2 ogres
  Blork the orc (D:4)
  2 bullfrogs
  A scorpion (D:7)
  3 crimson imps
  A hound (D:4)
  A centaur zombie (D:7)
  A bullfrog skeleton (D:4)
  2 centaur skeletons
  6 orc wizards
  Jessica (D:2)
  Natasha (thrice) (D:4)
  7 worker ants
  2 worker ant zombies
  Robin (D:3)
  A howler monkey zombie (D:7)
  2 gnolls (D:8)
  A howler monkey skeleton (D:4)
  3 adders
  A shadow imp (D:6)
  An ooze (D:4)
  4 adder skeletons
  2 worms (D:2)
  5 dart slugs
  3 leopard geckos
  23 orcs
  A ball python (D:5)
  3 giant cockroaches
  9 goblins
  14 hobgoblins
  4 jackals (D:8)
  6 kobolds
  3 quokkas
  4 bats
  7 frilled lizards
  A quokka zombie (D:6)
  5 rats
146 creatures vanquished.

Notes
Turn   | Place    | Note
-------+----------+-------------------------------------------
     0 | D:1      | Ijustatesigmund the Octopode Wizard began the quest for the
                  | Orb.
     0 | D:1      | Reached XP level 1. HP: 11/11 MP: 4/4
   502 | D:1      | Reached skill level 1 in Fighting
   512 | D:1      | Reached XP level 2. HP: 17/18 MP: 3/6
   516 | D:1      | Learned a level 2 spell: Blink
  1465 | D:2      | Reached XP level 3. HP: 24/24 MP: 4/7
  2091 | D:2      | Noticed Jessica
  2378 | D:2      | Killed Jessica
  2378 | D:2      | Reached XP level 4. HP: 25/30 MP: 4/8
  2431 | D:2      | Learned a level 3 spell: Conjure Flame
  2480 | D:2      | Noticed Robin
  2533 | D:3      | Killed Robin
  3975 | D:2      | Found a sacrificial altar of Ru.
  4195 | D:3      | Reached skill level 1 in Fire Magic
  4195 | D:3      | Reached XP level 5. HP: 29/35 MP: 0/9
  5348 | D:4      | Learned a level 3 spell: Mephitic Cloud
  5374 | D:4      | You fall through a shaft!
  5374 | D:5      | Entered Level 5 of the Dungeon
  5736 | D:4      | Gained mutation: You are weak. (Str -2) [potion of
                  | mutation]
  5736 | D:4      | Gained mutation: You are robust. (+10% HP) [potion of
                  | mutation]
  5736 | D:4      | Gained mutation: You are very robust. (+20% HP) [potion of
                  | mutation]
  5736 | D:4      | Gained mutation: Your spells are a little harder to cast,
                  | but a little more powerful. [potion of mutation]
  5812 | D:4      | Noticed Blork the orc
  5818 | D:4      | Killed Blork the orc
  5818 | D:4      | Reached skill level 1 in Air Magic
  5818 | D:4      | Reached skill level 1 in Poison Magic
  5818 | D:4      | Reached XP level 6. HP: 49/49 MP: 3/10
  5948 | D:4      | Noticed a sky beast
  5953 | D:4      | Killed a sky beast
  6098 | D:4      | Reached XP level 7. HP: 39/54 MP: 5/12
  6748 | D:4      | Noticed Natasha
  6753 | D:4      | Killed Natasha
  6952 | D:4      | Noticed Sigmund
  6966 | D:4      | Killed Sigmund
  6966 | D:4      | Reached XP level 8. HP: 43/61 MP: 6/14
  7194 | D:4      | Noticed Natasha
  7200 | D:4      | Killed Natasha
  7289 | D:4      | Noticed Natasha
  7296 | D:4      | Killed Natasha
  8054 | D:5      | Reached skill level 1 in Maces & Flails
  8146 | D:5      | Noticed Menkaure
  8454 | D:5      | Reached skill level 2 in Maces & Flails
  8849 | D:5      | Killed Menkaure
  8849 | D:5      | Reached skill level 3 in Maces & Flails
  9086 | D:5      | Found a staircase to the Ecumenical Temple.
  9095 | Temple   | Entered the Ecumenical Temple
  9112 | Temple   | Became a worshipper of Ashenzari the Shackled
  9464 | D:5      | Reached skill level 4 in Maces & Flails
  9830 | D:5      | Found a glowing silver altar of Zin.
 10315 | D:6      | Found a basalt altar of Yredelemnul.
 10419 | D:6      | Reached * piety under Ashenzari
 10422 | D:6      | Learned a level 1 spell: Beastly Appendage
 10918 | D:6      | Found a bloodstained altar of Trog.
 10920 | D:6      | Found a blossoming altar of Fedhas.
 10921 | D:6      | Found a shadowy altar of Dithmenos.
 10922 | D:6      | Found a white marble altar of Elyvilon.
 10923 | D:6      | Found a deep blue altar of Sif Muna.
 10933 | D:6      | Reached skill level 1 in Transmutations
 11441 | D:7      | Reached skill level 5 in Maces & Flails
 11715 | D:8      | Reached XP level 9. HP: 61/66 MP: 15/15
 12049 | D:8      | Reached skill level 6 in Maces & Flails
 12201 | D:8      | Learned a level 3 spell: Spider Form
 12295 | D:8      | Noticed a hornet
 12313 | D:9      | Noticed a troll
 12313 | D:9      | Noticed a two-headed ogre
 12326 | D:9      | HP: 2/66 [killer bee (8)]
 12326 | D:9      | Slain by a killer bee

Levels and vault maps discovered:
D:1:      shiori_arrival_oz, layout_rooms
D:2:      minmay_spotlight, layout_loops_ring, marbit_many_paths, serial_rivers,
          chequers_serial_rivers_small_b, chequers_serial_rivers_large_b,
          chequers_serial_rivers_micro_e, chequers_serial_rivers_large_a,
          chequers_serial_rivers_micro_a, chequers_serial_rivers_micro_c,
          first_ration, uniq_robin, uniq_jessica
D:3:      layout_loops_corners
D:4:      minmay_razor_zed, layout_loops_ring, serial_rivers,
          chequers_serial_rivers_micro_e, chequers_serial_rivers_micro_a,
          chequers_serial_rivers_micro_d, chequers_serial_rivers_small_3,
          chequers_serial_rivers_micro_a, uniq_blork_the_orc, uniq_natasha,
          uniq_sigmund
D:5:      layout_basic, kennysheep_mini, minmay_temple_entry_grid, uniq_menkaure
D:6:      layout_basic, grunt_temple_overflow_open, kennysheep_mini_moat,
          feat_on_display
D:7:      layout_loops_cross, minmay_misc_feat_cross
D:8:      lemuel_upstairs_altar, layout_loops_ring, hangedman_ranch
          [blue_anna_fruit_fields], bh_walls_and_bars, uniq_psyche
D:9:      layout_cave_pools, orc_0_dummy
Temple:   jpeg_temple_clearing

Skill      XL: |  1  2  3  4  5  6  7  8  9 |
---------------+----------------------------+-----
Fighting       | 1 2 |  2.7
Dodging        | 3 |  3.2
Fire Magic     | 1 2 3 |  3.2
Conjurations   | 2 |  2.2
Translocations | 2 |  2.1
Air Magic      | 1 2 3 |  3.8
Poison Magic   | 1 2 3 |  3.9
Spellcasting   | 4 |  4.3
Stealth        | 4 |  4.2
Maces & Flails | 5 6 |  6.3
Transmutations | 2 4 |  4.1
Summonings     | |  1.0

Action                   |  1- 3 |  4- 6 |  7- 9 || total
-------------------------+-------+-------+-------++-------
Melee: Club              |    24 |       |       ||    24
       Constrict         |    12 |    20 |    38 ||    70
       Tentacles         |     7 |    13 |    27 ||    47
       Whip              |     5 |    11 |       ||    16
       Dagger            |       |    54 |    57 ||   111
       Mace              |       |       |   161 ||   161
       Kick              |       |       |     5 ||     5
Throw: Tomahawk          |       |       |     1 ||     1
 Cast: Magic Dart        |    88 |    97 |   160 ||   345
       Blink             |     1 |     1 |     6 ||     8
       Mephitic Cloud    |       |     3 |     5 ||     8
       Conjure Flame     |       |     2 |     1 ||     3
       Beastly Appendage |       |       |     3 ||     3
Invok: Curse Item        |       |       |     2 ||     2
  Use: Scroll            |     4 |     9 |    14 ||    27
       Potion            |       |     1 |     4 ||     5
 Stab: Sleeping          |       |     2 |    11 ||    13
       Confused          |       |       |     4 ||     4
  Eat: Chunk             |     1 |     8 |    19 ||    28
       Ration            |     1 |     1 |     2 ||     4
Armor: Skin              |     8 |     6 |    15 ||    29
Dodge: Dodged            |    29 |    67 |   186 ||   282

Table legend:
 A = Non-vault XP
 B = Vault XP
 C = Vault XP percentage of total XP
 D = Non-vault monster count
 E = Vault monster count
 F = Vault count percentage of total count
                 A         B        C        D         E       F
            +---------+---------+-------+---------+---------+-------
      Total |    2063 |    1076 |  34.3 |     120 |      26 |  17.8
            +---------+---------+-------+---------+---------+-------
        D:1 |      27 |       2 |   6.9 |      16 |       1 |   5.9
        D:2 |      51 |      51 |  50.0 |      20 |       8 |  28.6
        D:3 |      72 |      18 |  20.0 |      15 |       3 |  16.7
        D:4 |     354 |     833 |  70.2 |      19 |      13 |  40.6
        D:5 |     353 |     172 |  32.8 |      13 |       1 |   7.1
        D:6 |     124 |       0 |   0.0 |      10 |       0 |   0.0
        D:7 |     280 |       0 |   0.0 |      10 |       0 |   0.0
        D:8 |     744 |       0 |   0.0 |      16 |       0 |   0.0
        D:9 |      58 |       0 |   0.0 |       1 |       0 |   0.0
            +---------+---------+-------+---------+---------+-------
